AoeStats
← 812508893

MegaRandom

510739370Analyzed
4v4 RM · 8h ago on Oct 2, 2026· 94m 3s· 8 players
Game mode
Random Map
Map size
Large (8 player)
Population
200
Speed
Normal
Resources
Standard
Victory
Conquest
Starting age
Dark Age
Ending age
Imperial Age
RankedLock teamsTeams togetherTeam positionsShared explorationLock speedFull tech treeHidden civsTurbo modeCheats
Victory
Defeat
🇹🇷 Bulgarians · Türkiye
940
+13
🇨🇭 Huns · Switzerland
935
+13
🇹🇼 Danes · Taiwan
905
+15
🇧🇪 Sicilians · Belgium
890
+15
🇨🇳 Huns · China
958
-18
🇨🇱 Magyars · Chile
858
-13
🇨🇳 Saracens · China
856
-13
🇦🇺 Poles · Australia
827
-13
Roberto_Panini
2:31 Loom
11:41 Feudal Age
13:29 Double-Bit Axe
19:04 Castle Age
18:43 Fletching
19:14 Pikeman
20:03 Town Watch
24:16 Horse Collar
24:49 Padded Archer Armor
27:16 Wheelbarrow
33:02 Imperial Age
33:09 Capped Ram
34:35 Siege Ram
34:48 Elite Serjeant
35:48 Halberdier
41:26 Squires
41:12 Arson
44:48 Man-at-Arms
45:15 Gambesons
46:40 Long Swordsman
47:43 Bow Saw
47:58 Scale Mail Armor
47:25 Two-Handed Swordsman
49:13 Elite Skirmisher
72:35 Cranequins
77:53 Bodkin Arrow
78:09 Forging
78:08 Scale Barding Armor
92:28 Spies/Treason
BORNOVALI35
8:35 Loom
11:53 Feudal Age
17:33 Castle Age
16:31 Double-Bit Axe
17:29 Horse Collar
22:20 Bow Saw
23:27 Bloodlines
23:50 Heavy Plow
26:21 Wheelbarrow
26:56 Scale Barding Armor
26:43 Gold Mining
30:34 Hand Cart
30:56 Gold Shaft Mining
33:24 Imperial Age
31:06 Forging
32:28 Chain Barding Armor
32:02 Town Watch
34:00 Iron Casting
33:31 Stirrups
34:16 Pikeman
34:58 Scale Mail Armor
35:41 Coinage
35:38 Conscription
35:34 Cavalier
37:15 Blast Furnace
36:58 Bagains
37:25 Squires
37:24 Halberdier
39:14 Banking
38:48 Husbandry
38:59 Caravan
38:48 Light Cavalry
39:45 Chain Mail Armor
45:03 Plate Barding Armor
44:53 Hussar
47:24 Plate Mail Armor
47:29 Crop Rotation
48:44 Chemistry
47:29 Elite Konnik
58:32 Parthian Tactics
62:37 Heavy Cavalry Archer
63:37 Fletching
64:54 Ballistics
65:13 Padded Archer Armor
66:51 Leather Archer Armor
68:04 Bodkin Arrow
68:49 Bracer
76:50 Capped Ram
77:54 Thumb Ring
79:01 Siege Ram
80:10 Onager
93:06 Spies/Treason
天線迪西
12:43 Feudal Age
18:28 Castle Age
17:05 Double-Bit Axe
17:07 Horse Collar
18:45 Forging
18:35 Scale Mail Armor
18:58 Loom
20:12 Bow Saw
20:49 Heavy Plow
25:37 Wheelbarrow
24:48 Town Watch
25:27 Squires
25:17 Gambesons
27:12 Stone Mining
27:14 Gold Mining
31:23 Imperial Age
29:10 Hand Cart
29:06 Arson
30:19 Murder Holes
29:55 Pikeman
30:34 Fletching
31:22 Iron Casting
31:02 Chain Mail Armor
31:25 Town Patrol
32:25 Stone Shaft Mining
32:26 Gold Shaft Mining
31:43 Onager
33:00 Caravan
34:38 Conscription
33:39 Elite Jomsviking
33:42 Hamask
33:54 Hamask
34:47 Elite Varangian Guard
34:49 Halberdier
34:52 Siege Onager
36:32 Plate Mail Armor
37:03 Blast Furnace
47:41 Chemistry
47:02 Ballistics
46:48 Siege Engineers
46:54 Masonry
52:31 Bodkin Arrow
52:43 Scale Barding Armor
52:17 Elite Jomsviking
52:19 Northmen's Fury
54:39 Bracer
59:40 Capped Ram
65:55 Siege Ram
66:06 Siege Ram
84:43 Fervor
Bako
10:46 Feudal Age
11:38 Double-Bit Axe
13:52 Horse Collar
18:21 Castle Age
19:15 Fletching
19:25 Padded Archer Armor
19:24 Gold Mining
25:18 Ballistics
25:46 Thumb Ring
31:01 Bodkin Arrow
32:34 Gold Shaft Mining
39:25 Imperial Age
38:38 Caravan
40:40 Parthian Tactics
41:04 Conscription
43:12 Pikeman
43:54 Squires
44:01 Cavalier
44:42 Husbandry
48:46 Forging
48:37 Scale Mail Armor
48:43 Scale Barding Armor
49:59 Halberdier
51:17 Iron Casting
50:58 Chain Mail Armor
72:47 Wheelbarrow
TILONXO
1:08 Loom
10:53 Feudal Age
16:49 Castle Age
15:45 Double-Bit Axe
22:35 Fervor
26:38 Horse Collar
29:59 Corvinian Army
31:58 Bow Saw
31:21 Pikeman
36:16 Imperial Age
33:53 Scale Mail Armor
35:00 Wheelbarrow
34:31 Scale Barding Armor
36:02 Fletching
36:59 Hand Cart
36:49 Padded Archer Armor
36:51 Scale Mail Armor
39:18 Conscription
39:19 Bloodlines
39:22 Town Watch
41:04 Hoardings
41:55 Halberdier
42:21 Arson
43:11 Heavy Cavalry Archer
44:14 Bodkin Arrow
45:51 Parthian Tactics
xporx57248
0:46 Loom
12:41 Feudal Age
15:03 Double-Bit Axe
18:53 Castle Age
16:34 Horse Collar
20:30 Heavy Plow
22:40 Bow Saw
27:57 Wheelbarrow
28:23 Gold Mining
29:23 Husbandry
29:34 Bloodlines
29:40 Forging
29:58 Hand Cart
31:14 Gold Shaft Mining
32:21 Iron Casting
31:52 Scale Barding Armor
31:51 Stone Mining
38:12 Imperial Age
38:31 Capped Ram
38:46 Elite Mameluke
39:57 Conscription
40:56 Two-Man Saw
39:26 Siege Ram
42:01 Blast Furnace
41:23 Chain Barding Armor
42:52 Light Cavalry
47:33 Hussar
53:52 Plate Barding Armor
boythick69420
13:32 Feudal Age
15:36 Wheelbarrow
15:00 Man-at-Arms
16:30 Double-Bit Axe
17:01 Horse Collar
19:28 Bloodlines
24:35 Castle Age
23:08 Scale Mail Armor
24:58 Pikeman
40:43 Long Swordsman
42:03 Bow Saw
45:55 Scale Barding Armor
46:01 Forging
46:07 Chain Mail Armor
50:47 Iron Casting
50:33 Chain Barding Armor
50:16 Husbandry
812508893
11:01 Feudal Age
15:24 Castle Age
13:13 Double-Bit Axe
13:14 Horse Collar
19:19 Bow Saw
19:30 Heavy Plow
24:04 Gold Mining
25:43 Gold Shaft Mining
25:50 Wheelbarrow
25:17 Stone Mining
28:14 Hand Cart
30:48 Imperial Age
30:36 Forging
30:31 Scale Barding Armor
31:08 Caravan
31:28 Husbandry
31:39 Bloodlines
32:13 Marauders
31:36 Elite Tarkan
33:00 Iron Casting
32:45 Chain Barding Armor
33:41 Conscription
35:37 Blast Furnace
36:23 Plate Barding Armor
36:27 Light Cavalry
59:30 Hussar
Connection lost

Rejoining the realm…

Still unreachable

The connection could not be restored.

Session expired

The server has moved on; the page needs a fresh start.